 Dungeon Crawl Stone Soup version 0.22-a0-406-g9ff8d77 (webtiles) character file.

46 dstrtnsr the Shield-Bearer (level 3, 24/34 HPs)
             Began as a Deep Dwarf Fighter on May 8, 2018.
             Quit the game on level 3 of the Dungeon.
             The game lasted 00:01:19 (566 turns).

dstrtnsr the Shield-Bearer (Deep Dwarf Fighter)      Turns: 566, Time: 00:01:20

Health: 24/34      AC:  7    Str: 20    XL:     3   Next: 44%
Magic:  3/3        EV:  7    Int:  8    God:
Gold:   44         SH:  9    Dex: 12    Spells: 2/2 levels left

rFire    . . .     SeeInvis .   a - +0 war axe
rCold    . . .     Gourm    .   c - +0 shield
rNeg     . . .     Faith    .   b - +0 scale mail
rPois    .         Spirit   .   (no helmet)
rElec    .         Reflect  .   (no cloak)
rCorr    .         Harm     .   (no gloves)
MR       .....                  (no boots)
Stlth    ..........             (no amulet)
HPRegen  0.00/turn              (no ring)
MPRegen  0.08/turn              (no ring)

@: non-regenerating
A: damage resistance, heal wounds, sense surroundings 1, no regeneration
a: Heal Wounds


You were on level 3 of the Dungeon.
You were not hungry.

You visited 1 branch of the dungeon, and saw 3 of its levels.

You collected 44 gold pieces.

Inventory:

Hand Weapons
 a - a +0 war axe (weapon)
Armour
 b - a +0 scale mail (worn)
 c - a +0 shield (worn)
Jewellery
 k - an uncursed amulet of the gourmand {unknown}
Scrolls
 f - 2 scrolls of identify {unknown}
 h - a scroll of fear {unknown}
 j - a scroll of remove curse {unknown}
Potions
 d - a potion of might
 i - a potion of agility {unknown}
Comestibles
 e - 3 rations {!d}
 g - a chunk of flesh


   Skills:
 + Level 3.1 Fighting
 * Level 2.8 Axes
 + Level 3.8 Armour
 + Level 3.8 Shields


You had 2 spell levels left.
You didn't know any spells.

Dungeon Overview and Level Annotations

Branches:
Dungeon (3/15)

Altars:

Portals:
Sewer: D:3


Innate Abilities, Weirdness & Mutations

You are resistant to damage.
You can heal yourself by infusing magical energy.
You passively map a small area around you.
You do not regenerate.


Message History

The bat closely misses you.
You barely miss the bat. You block the bat's attack. The bat barely misses you.
You slash the ball python!
You kill the ball python!
You hit the bat.
You kill the bat!
No target in view!
No target in view!
Unknown command.
No target in view!
Unknown command.
Unknown command.
No target in view!
Unknown command.
No target in view!
You butcher the bat corpse.
g - 2 chunks of flesh (gained 1)
Found a glowing drain.
Found 9 arrows.
You enter the shallow water.
Moving in this stuff is going to be slow.
Found an escape hatch in the floor.
You hear the slow rusting of a distant drain.
A giant cockroach comes into view.
Found 12 gold pieces and a chain mail.
A giant cockroach is nearby!
A giant cockroach is nearby!
A giant cockroach is nearby!
A giant cockroach is nearby!
You slash the giant cockroach!
You kill the giant cockroach!
No target in view!
No target in view!
No target in view!
No target in view!
Some of the chunks of flesh in your inventory have rotted away.
You now have 44 gold pieces (gained 12).
j - a scroll labeled YLUTUA JOROO You open the large door.
There is a large open door here.
k - a twisted amethyst amulet You open the large door.
There is a large open door here.
You hear the slow rusting of a very distant drain.
A jackal comes into view.
The jackal barks!
Found a stone staircase leading up.
A jackal comes into view.
There are monsters nearby!
A jackal comes into view.
The jackal barks! x2
A rat comes into view.
You block the jackal's attack.
You barely miss the jackal.
The jackal bites you but does no damage. x2
You closely miss the jackal. You block the jackal's attack. x2
Your shield and scale mail prevent you from hitting the jackal.
You hit the jackal. The jackal barely misses you.
The jackal closely misses you. x2; You block the rat's attack.
You hit the jackal.
You kill the jackal!
You hit the jackal but do no damage. You closely miss the rat.
The jackal pauses to sniff the ground.
The jackal bites you but does no damage. x2
You block the jackal's attack. The rat bites you but does no damage.
You block the jackal's attack.
There are monsters nearby!
You closely miss the jackal. You slash the rat!
You kill the rat!
You hit the jackal. You block the jackal's attack.
The jackal closely misses you. You block the jackal's attack.
The jackal bites you.
There are monsters nearby!
You closely miss the jackal.
The jackal is severely wounded.
You closely miss the jackal.
The jackal bites you but does no damage.
The jackal barely misses you.
The jackal bites you but does no damage.
You closely miss the jackal.
The jackal is severely wounded.
You barely miss the jackal. The jackal barely misses you.
You block the jackal's attack. The jackal closely misses you.
The jackal barely misses you.
You slash the jackal!
You kill the jackal!
You slash the jackal!
You kill the jackal!
No target in view!
No target in view!
No target in view!
No target in view!
You hear the sound of rushing water.
There is an entrance to a sewer on this level.
Hurry and find it before the portal rusts away!
Welcome back, dstrtnsr the Deep Dwarf Fighter.
Press ? for a list of commands and other information.
Quiver which item? (- for none, * to show all) (? for menu, Esc to quit)
Okay, then.
Unknown command.
Are you sure you want to abandon this character and quit the game? (Confirm with "yes".)

*###.. ,, ..#.#, * #.#.#
########...#+##
#.............#
#.............#
#.......<.....#
#.......@.....#
#..†..........#
#.............#
#.#######################
#.# ##............# #.#
#.............# #.#
####''####.......# #.#
##........##......# #.#
##..........##.[...#


There were no monsters in sight!

Vanquished Creatures
  2 adders (D:2)
  A worm (D:2)
  2 giant cockroaches
  2 goblins
  2 hobgoblins
  3 jackals (D:3)
  A quokka (D:2)
  A ball python (D:3)
  4 bats
  A frilled lizard (D:2)
  5 kobolds
  A rat (D:3)
25 creatures vanquished.

Notes
Turn   | Place    | Note
-------+----------+-------------------------------------------
     0 | D:1      | dstrtnsr the Deep Dwarf Fighter began the quest for the Orb.
     0 | D:1      | Reached XP level 1. HP: 20/20 MP: 1/1
   233 | D:1      | Reached XP level 2. HP: 24/27 MP: 2/2
   414 | D:2      | Reached XP level 3. HP: 24/34 MP: 3/3
   456 | D:3      | Found a glowing drain.
   566 | D:3      | Quit the game

Vault maps used:
D:1:      lemuel_arrival_funnel
D:2:      dancing_weapons_uskayaw, first_ration, minmay_mini_jars
D:3:      cheibrodos_sewer_entry_sluice, kennysheep_big_empty_room

Skill      XL: |  1  2 |
---------------+-------+-----
Fighting       | 3 |  3.1
Axes           | |  2.8
Armour         | |  3.8
Shields        | |  3.8

Action                   || total
-------------------------++-------
Melee: War axe           ||    64
Armor: Scale mail        ||    28
Dodge: Dodged            ||    25
Block: Shield            ||    34

Table legend:
 A = Spawn XP
 B = Non-spawn XP
 C = Spawn XP percentage of total XP
 D = Spawn monster count
 E = Non-spawn monster count
 F = Spawn count percentage of total count
 G = Total turns spent on level
                    A         B        C        D         E        F      G
               +---------+---------+-------+---------+---------+-------+---------
         Total |       0 |      66 |   0.0 |       0 |      25 |   0.0 |   566
               +---------+---------+-------+---------+---------+-------+---------
           D:1 |       0 |      12 |   0.0 |       0 |       8 |   0.0 |   249
           D:2 |       0 |      43 |   0.0 |       0 |      10 |   0.0 |   194
           D:3 |       0 |      11 |   0.0 |       0 |       7 |   0.0 |   123
               +---------+---------+-------+---------+---------+-------+---------
